[Event "*** Titled Tuesday Blitz"]
[Site "Chess.com"]
[Date "2019.12.03"]
[Round "1"]
[White "Perecke"]
[Black "matiss90"]
[Result "0-1"]
[WhiteElo "2127"]
[BlackElo "2562"]
[TimeControl "180+2"]
[EndTime "13:01:12 PST"]
[Termination "matiss90 won by resignation"]

1. e4 c5 2. Nf3 d6 3. d4 cxd4 4. Nxd4 Nf6 5. Nc3 g6 6. Be3 Bg7 7. f3 O-O 8. Qd2 Nc6 9. g4 Bxg4 10. fxg4 Nxg4 11. Nxc6 bxc6 12. Bd4 e5 13. Bg1 Rb8 14. O-O-O Bh6 0-1

[Event "*** Titled Tuesday Blitz"]
[Site "Chess.com"]
[Date "2019.12.03"]
[Round "1"]
[White "Slovak_fighter2000"]
[Black "bascheyaro"]
[Result "0-1"]
[WhiteElo "2387"]
[BlackElo "2756"]
[TimeControl "180+2"]
[EndTime "13:01:22 PST"]
[Termination "bascheyaro won by resignation"]

1. d4 Nf6 2. Nf3 d5 3. Bf4 Bf5 4. e3 e6 5. c4 Bxb1 6. Rxb1 Bb4+ 7. Ke2 O-O 8. c5 c6 9. a3 Ba5 10. b4 Bc7 11. g3 Ne4 12. Bg2 Nd7 13. Nd2 Nc3+ 0-1

[Event "*** Titled Tuesday Blitz"]
[Site "Chess.com"]
[Date "2019.12.03"]
[Round "1"]
[White "Manukyan_Artak"]
[Black "Misi_95"]
[Result "0-1"]
[WhiteElo "2337"]
[BlackElo "2703"]
[TimeControl "180+2"]
[EndTime "13:01:58 PST"]
[Termination "Misi_95 won by resignation"]

1. e4 c5 2. Nf3 e6 3. c3 d5 4. e5 Nc6 5. d4 cxd4 6. cxd4 Nge7 7.
Nc3 Nf5 8. a3 Be7 9. b4 Bd7 10.
Bb2 O-O 11. Rc1 Rc8 12. Na4 f6 13. Nc5 fxe5 14. dxe5 Bxc5 15. Rxc5 Nh4 16. Nxh4 Qxh4 17. g3 Qe4+ 18. Qe2 Qxh1 0-1

[Event "*** Titled Tuesday Blitz"]
[Site "Chess.com"]
[Date "2019.12.03"]
[Round "1"]
[White "Quiet_Desperation"]
[Black "gusanchutik"]
[Result "0-1"]
[WhiteElo "2499"]
[BlackElo "2971"]
[TimeControl "180+2"]
[EndTime "13:03:15 PST"]
[Termination "gusanchutik won by resignation"]

1. e4 c5 2. Nf3 d6 3. d4 cxd4 4. Nxd4 Nf6 5. Nc3 Bd7 6. Bd3 Nc6 7. Nb3 g6 8. h3 Bg7 9. Be3 O-O 10. O-O Rc8 11.
Qd2 a6 12. Bh6 b5 13. Bxg7 Kxg7 14. a3 Ne5 15. f4 Qb6+ 16. Kh1 Nc4 17. Bxc4 Rxc4 18.
e5 Nh5 19. Rf3 Bc6 20. Nd5 Bxd5 21. Qxd5 Nxf4 22. Qd2 dxe5 23. Re1 f6 24. Qd7 Qc7 25. Qd1 Rd8 0-1

[Event "*** Titled Tuesday Blitz"]
[Site "Chess.com"]
[Date "2019.12.03"]
[Round "1"]
[White "SerGo055"]
[Black "beccrajoy"]
[Result "1-0"]
[WhiteElo "2523"]
[BlackElo "1782"]
[TimeControl "180+2"]
[EndTime "13:03:16 PST"]
[Termination "SerGo055 won by resignation"]

1. d4 d5 2. Nf3 Nf6 3. Bf4 c5 4. e3 Nc6 5. c3 Qb6 6. Qb3 e6 7. Nbd2 Be7 8. Be2 O-O 9. O-O Re8 10. h3 Nh5 11. Bh2 Nf6 12. Ne5 Nxe5 13. Bxe5 c4 14. Qc2 Bd6 15. Bxf6 gxf6 16. b3 cxb3 17. axb3 e5 18.
Bd3 e4 19. Be2 Kh8 20. c4 Qc7 21. Rac1 Rg8 22. Kh1 Be6 23. cxd5 Qxc2 24. Rxc2 Bxd5 25. Bc4 Bxc4 26. bxc4 Rac8 27. Nxe4 Be7 28. c5 f5 29.
Ng3 f4 30. exf4 Bf6 31. Rd1 Rgd8 32. d5 Bh4 33. Nf5 Bf6 34. g4 Kg8 35. g5 Bh8 36. Ne7+ 1-0

[Event "*** Titled Tuesday Blitz"]
[Site "Chess.com"]
[Date "2019.12.03"]
[Round "1"]
[White "Tiqr777"]
[Black "LonesomeGeorge1"]
[Result "1-0"]
[WhiteElo "2636"]
[BlackElo "2304"]
[TimeControl "180+2"]
[EndTime "13:03:28 PST"]
[Termination "Tiqr777 won by resignation"]

1. Nf3 Nf6 2. g3 g6 3. Bg2 Bg7 4. O-O O-O 5. d3 c5 6. c4 Nc6 7. Nc3 Rb8 8. a3 a5 9. Ne1 Ne8 10. Nc2 Nc7 11. Bd2 b5 12. cxb5 Nxb5 13. Na4 Qc7 14.
Rc1 d6 15. b4 axb4 16. axb4 Ra8 17.
Ne3 Ncd4 18. Bxa8 Qa7 19. Bg2 Be6 20. Nd5 Bxd5 21. Bxd5 Nxe2+ 22. Qxe2 Qxa4 23. bxc5 Nd4 24. Qd1 1-0

[Event "*** Titled Tuesday Blitz"]
[Site "Chess.com"]
[Date "2019.12.03"]
[Round "1"]
[White "GoldenShare"]
[Black "AryanTari"]
[Result "0-1"]
[WhiteElo "2452"]
[BlackElo "2855"]
[TimeControl "180+2"]
[EndTime "13:03:38 PST"]
[Termination "AryanTari won by resignation"]

1. e4 c6 2. Nc3 d5 3. Nf3 Nf6 4. e5 Ne4 5. Ne2 Qb6 6. d4 e6 7.
Nfg1 f6 8. f3 Ng5 9. f4 Ne4 10.
Nf3 f5 11. c3 Be7 12. Qb3 O-O 13. Be3 Qc7 14. g3 b5 15. Bg2 Nd7 16. O-O Nb6 17.
Rae1 a5 18. Nc1 Nc4 19. Nd3 b4 20. cxb4 axb4 21. Rc1 Nxe3 22. Rfe1 Nxg2 23. Kxg2 Ba6 24. Nf2 Bc4 25. Rxc4 dxc4 26. Qxc4 Qd7 27. Nxe4 fxe4 28. Rxe4 Qd5 0-1

[Event "*** Titled Tuesday Blitz"]
[Site "Chess.com"]
[Date "2019.12.03"]
[Round "1"]
[White "AbasovN"]
[Black "INLOVEWITHF"]
[Result "1-0"]
[WhiteElo "2806"]
[BlackElo "2440"]
[TimeControl "180+2"]
[EndTime "13:03:45 PST"]
[Termination "AbasovN won by resignation"]

1. d4 Nf6 2. Nf3 g6 3. Nbd2 d5 4. c4 c6 5. e3 Bg7 6. Be2 O-O 7.
O-O dxc4 8. Nxc4 c5 9. dxc5 Qc7 10. b4 Ne4 11. Bb2 Nc3 12. Qe1 Nxe2+ 13. Qxe2 Nc6 14.
Bxg7 Kxg7 15. Qb2+ f6 16. Nd4 Bd7 17. Rfd1 Ne5 18.
Rac1 Ba4 19. Ne6+ 1-0

[Event "*** Titled Tuesday Blitz"]
[Site "Chess.com"]
[Date "2019.12.03"]
[Round "1"]
[White "joshdaruca"]
[Black "tteshan"]
[Result "1-0"]
[WhiteElo "2698"]
[BlackElo "2333"]
[TimeControl "180+2"]
[EndTime "13:03:45 PST"]
[Termination "joshdaruca won by resignation"]

1. Nf3 c5 2. g3 Nc6 3. Bg2 g6 4. O-O Bg7 5. c4 e6 6. Nc3 Nge7 7.
d4 cxd4 8. Nb5 d5 9. Nbxd4 O-O 10. cxd5 Nxd4 11. Nxd4 Nxd5 12. e4 Nb4 13. Be3 e5 14.
Nb5 Qxd1 15. Raxd1 Be6 16. Bc5 Nxa2 17. Bxf8 Bxf8 18. Nc7 Rc8 19. Nxe6 fxe6 20. Ra1 Nb4 21. Rxa7 b6 22. Bh3 Rc2 23. Bxe6+ Kh8 24. Rd1 1-0

[Event "*** Titled Tuesday Blitz"]
[Site "Chess.com"]
[Date "2019.12.03"]
[Round "1"]
[White "1random"]
[Black "JosefineHeinemann"]
[Result "1-0"]
[WhiteElo "2788"]
[BlackElo "2424"]
[TimeControl "180+2"]
[EndTime "13:04:18 PST"]
[Termination "1random won by resignation"]

1. d4 Nf6 2. Nf3 e6 3. c4 b6 4. g3 Ba6 5. b3 Bb4+ 6. Bd2 Be7 7.
Bg2 Bb7 8. O-O O-O 9. Nc3 d5 10. cxd5 Nxd5 11. Re1 c5 12. e4 Nxc3 13. Bxc3 cxd4 14.
Nxd4 Nc6 15. Nxc6 Bxc6 16. Qg4 g6 17. Red1 Qc7 18. Rac1 Rac8 19. h4 Rfd8 20. Bd2 Qb7 21. h5 Bf6 22. e5 Bg7 23. Rxc6 Rxc6 24. Bg5 Rxd1+ 25. Qxd1 Bxe5 26. Qd8+ 1-0

[Event "*** Titled Tuesday Blitz"]
[Site "Chess.com"]
[Date "2019.12.03"]
[Round "1"]
[White "Tjktiger"]
[Black "josiur"]
[Result "0-1"]
[WhiteElo "2755"]
[BlackElo "2428"]
[TimeControl "180+2"]
[EndTime "13:04:40 PST"]
[Termination "josiur won by resignation"]

1. c4 c5 2. g3 Nc6 3. Bg2 g6 4.
Nc3 Bg7 5. Nf3 e5 6. O-O Nge7 7. d3 O-O 8. a3 d5 9. cxd5 Nxd5 10. Nxd5 Qxd5 11.
Be3 Qd6 12. Rc1 b6 13. b4 cxb4 14. Rxc6 Qxc6 15. Nd2 Qb5 16. a4 Qa5 17. Bxa8 Bd7 18. Nc4 Qxa4 19. Qxa4 Bxa4 20. Bd5 Rd8 21. Ra1 b5 22. Bf3 e4 0-1

[Event "*** Titled Tuesday Blitz"]
[Site "Chess.com"]
[Date "2019.12.03"]
[Round "1"]
[White "XDPS"]
[Black "FrenchMonster2002"]
[Result "1-0"]
[WhiteElo "2760"]
[BlackElo "2392"]
[TimeControl "180+2"]
[EndTime "13:04:41 PST"]
[Termination "XDPS won by resignation"]

1. d4 Nf6 2. Nf3 g6 3. Nbd2 Bg7 4. e4 d6 5. Bb5+ c6 6. Bd3 Nbd7 7. O-O e5 8. c3 O-O 9. Re1 Qc7 10. h3 a5 11. a4 b6 12. Nf1 Ba6 13. Bc2 Rad8 14.
Ng3 h6 15. Be3 Rfe8 16. Qd2 Kh7 17. Rad1 d5 18. dxe5 Nxe5 19. Nxe5 Qxe5 20. Bxb6 Rb8 21. exd5 Qxd5 22. Rxe8 Qxd2 23. Rxd2 Nxe8 24. Bxa5 Rxb2 25. Bxg6+ fxg6 26. Rxb2 Nd6 27. Rb6 Bb7 28. Bb4 1-0

[Event "*** Titled Tuesday Blitz"]
[Site "Chess.com"]
[Date "2019.12.03"]
[Round "1"]
[White "CaptainCasanova"]
[Black "Marcin"]
[Result "0-1"]
[WhiteElo "2690"]
[BlackElo "2357"]
[TimeControl "180+2"]
[EndTime "13:04:41 PST"]
[Termination "Marcin won by resignation"]

1. e4 c5 2. Nf3 e6 3. d4 cxd4 4.
Nxd4 Nc6 5. Nc3 Qc7 6. Be3 a6 7. Qf3 Ne5 8. Qg3 h5 9. h4 Nf6 10. Be2 b5 11. a3 Bb7 12. f3 Nd3+ 13. Bxd3 Qxg3+ 14. Kf1 d5 15. Nde2 Qc7 16. exd5 Nxd5 17. Nxd5 Bxd5 18. b3 Bc5 19. Bf4 Bd6 20. Be3 O-O 21.
a4 Be5 22. Ra2 f5 23. Kf2 f4 24. Bd2 Qc5+ 25. Kf1 b4 26. Be1 a5 27. Bf2 Qc6 28. Nd4 Bxd4 29. Bxd4 Rae8 30. Be5 Bxf3 31. Rg1 Be4 32. Bc4 Rf5 33. Bb2 Bd5 34. Bd3 Rf7 0-1

[Event "*** Titled Tuesday Blitz"]
[Site "Chess.com"]
[Date "2019.12.03"]
[Round "1"]
[White "julinha97"]
[Black "RitvarsReimanis"]
[Result "0-1"]
[WhiteElo "2208"]
[BlackElo "2573"]
[TimeControl "180+2"]
[EndTime "13:04:41 PST"]
[Termination "RitvarsReimanis won by resignation"]

1. e4 c5 2. Nf3 Nc6 3. d4 cxd4 4. Nxd4 Nf6 5. Nc3 d6 6. Bg5 e6 7. Qd2 a6 8. O-O-O Bd7 9. f3 h6 10. Be3 Rc8 11. g4 b5 12. h4 Nxd4 13. Bxd4 Qa5 14. Kb1 b4 15. Ne2 Ba4 16. b3 Bc6 17. Nc1 e5 18.
Be3 Bxe4 19. fxe4 Nxe4 20. Qe1 Nc3+ 21. Ka1 Nxa2 22. Bb6 Qa3 23. Nxa2 Rxc2 0-1

[Event "*** Titled Tuesday Blitz"]
[Site "Chess.com"]
[Date "2019.12.03"]
[Round "1"]
[White "marcodobrikov"]
[Black "IgorBjelobrk"]
[Result "0-1"]
[WhiteElo "2341"]
[BlackElo "2706"]
[TimeControl "180+2"]
[EndTime "13:04:50 PST"]
[Termination "IgorBjelobrk won by resignation"]

1. e4 e5 2. Nf3 Nc6 3. d4 exd4 4. Nxd4 Nf6 5. Nc3 Bb4 6. Nxc6 bxc6 7. Bd3 d5 8. exd5 cxd5 9. O-O O-O 10. Ne2 c6 11. c3 Bd6 12. h3 h6 13. Bf4 Rb8 14. Qc2 Rb7 15. Bxd6 Qxd6 16. Nd4 c5 17. Nf3 c4 18.
Bf5 Bxf5 19. Qxf5 Rxb2 20. Rfd1 Qa3 21. Rac1 Rxa2 22. Nd4 Rd2 23. Nb5 Rxd1+ 24. Rxd1 Qb3 25. Rb1 Qa2 26. Re1 a6 27. Nd4 Qd2 28. Re3 Ne4 29. Rf3 Nxc3 30. Ne6 Qe1+ 31. Kh2 Qxe6 32. Qc2 Ne4 33.
Qb2 c3 34. Qb4 Rc8 35. Qd4 c2 36. Rg3 Nxg3 0-1

[Event "*** Titled Tuesday Blitz"]
[Site "Chess.com"]
[Date "2019.12.03"]
[Round "1"]
[White "Gennady_Kozlov"]
[Black "gorgeous1083"]
[Result "1-0"]
[WhiteElo "2527"]
[BlackElo "1917"]
[TimeControl "180+2"]
[EndTime "13:04:57 PST"]
[Termination "Gennady_Kozlov won by resignation"]

1. b3 d5 2. Bb2 Nf6 3. e3 e6 4. f4 c5 5. Nf3 Nc6 6. Be2 Be7 7. O-O O-O 8. Qe1 a6 9. Qg3 d4 10. Ne5 Ne4 11. Qf3 f5 12. Nxc6 bxc6 13. d3 Nf6 14. exd4 cxd4 15. Qxc6 Bd7 16. Qf3 Rc8 17. Na3 Bc6 18. Qg3 Nd5 19. Nc4 Bc5 20.
Bf3 Ne3 21. Nxe3 Bxf3 22. Rxf3 Qe7 23. Nc4 1-0

[Event "*** Titled Tuesday Blitz"]
[Site "Chess.com"]
[Date "2019.12.03"]
[Round "1"]
[White "olksuna"]
[Black "GremioPrudente"]
[Result "1-0"]
[WhiteElo "2602"]
[BlackElo "2246"]
[TimeControl "180+2"]
[EndTime "13:05:03 PST"]
[Termination "olksuna won on time"]

1. Nf3 d5 2. g3 c6 3. Bg2 Nf6 4. O-O Bf5 5. c4 e6 6. cxd5 exd5 7. d3 Nbd7 8. Nc3 h6 9. e4 dxe4 10. dxe4 Be6 11. Nd4 Be7 12. Nxe6 fxe6 13. Be3 Nb6 14. Qb3 O-O 15. Rad1 Qc7 16. Qxe6+ Kh8 17.
Bf4 1-0

[Event "*** Titled Tuesday Blitz"]
[Site "Chess.com"]
[Date "2019.12.03"]
[Round "1"]
[White "gmcorrales"]
[Black "Ceejay271"]
[Result "1-0"]
[WhiteElo "2733"]
[BlackElo "2359"]
[TimeControl "180+2"]
[EndTime "13:05:10 PST"]
[Termination "gmcorrales won by resignation"]

1. e4 c5 2. Nf3 d6 3. d4 cxd4 4. Nxd4 Nf6 5. Nc3 Nc6 6. Bg5 Bd7 7. Bxf6 gxf6 8. Nb3 h5 9. Be2 h4 10. Qd2 a6 11.
O-O-O b5 12. Kb1 b4 13. Nd5 a5 14. f4 e6 15. Ne3 a4 16. Nd4 Qb6 17. Nb5 Rd8 18.
Nc4 Qc5 19. Ncxd6+ Bxd6 20. Nxd6+ Ke7 21. Nb7 Qb6 22.
Qd6+ Ke8 23. Nxd8 Qxd8 24. Bb5 Nb8 25. Qxb4 1-0

[Event "*** Titled Tuesday Blitz"]
[Site "Chess.com"]
[Date "2019.12.03"]
[Round "1"]
[White "boasovietica"]
[Black "MatthewG-p4p"]
[Result "0-1"]
[WhiteElo "2392"]
[BlackElo "2759"]
[TimeControl "180+2"]
[EndTime "13:05:11 PST"]
[Termination "MatthewG-p4p won by checkmate"]

1. e4 e6 2. b3 d5 3. Bb2 Nf6 4. e5 Nfd7 5. Qg4 c5 6. Nf3 Nc6 7. Bb5 Qb6 8. Bxc6 Qxc6 9. O-O b6 10. Nc3 d4 11. Ne4 Bb7 12. Rfe1 Qd5 13. c3 Nxe5 14.
Nxe5 Qxe5 15. cxd4 cxd4 16. Rac1 f5 17. Qh5+ g6 18. Qg5 Be7 19. Qh6 fxe4 20. d3 Bg5 21. Qh3 Bxc1 22. Rxc1 O-O 23. g3 exd3 24. Bxd4 Qxd4 25.
Rc7 Qxf2# 0-1

[Event "*** Titled Tuesday Blitz"]
[Site "Chess.com"]
[Date "2019.12.03"]
[Round "1"]
[White "vpantev"]
[Black "saraswathii"]
[Result "1-0"]
[WhiteElo "2593"]
[BlackElo "2241"]
[TimeControl "180+2"]
[EndTime "13:05:13 PST"]
[Termination "vpantev won by resignation"]

1. d4 Nc6 2. Nf3 d5 3. Bf4 Bf5 4. e3 a6 5. Bd3 Bg6 6. O-O e6 7.
c4 Nf6 8. Nc3 Be7 9. Rc1 O-O 10.
Ne5 Nxe5 11. dxe5 Nd7 12. cxd5 exd5 13. Bxg6 hxg6 14. Qxd5 c6 15. Qe4 Nc5 16. Qc2 Qa5 17.
a3 Ne6 18. Bg3 Bd8 19. Ne4 Bc7 20. Nd6 Qb6 21. Rfd1 Rad8 22. h3 Rd7 23. Nc4 Rxd1+ 24. Rxd1 Qc5 25. b4 Qe7 26. Nd6 Bb8 27. Rd3 Nc7 28.
Nxb7 Nd5 29. Nd6 Qd7 30. Qc4 f6 31. e4 fxe5 32. exd5 1-0

[Event "*** Titled Tuesday Blitz"]
[Site "Chess.com"]
[Date "2019.12.03"]
[Round "1"]
[White "DanielNaroditsky"]
[Black "MaestroASK"]
[Result "0-1"]
[WhiteElo "2987"]
[BlackElo "2593"]
[TimeControl "180+2"]
[EndTime "13:05:16 PST"]
[Termination "MaestroASK won by resignation"]

1. Nf3 d6 2. d4 g6 3. e4 Bg7 4.
Nc3 c6 5. Be3 e5 6. Bc4 Qe7 7.
a4 Nd7 8. O-O f6 9. Qd2 Qf8 10.
Rfd1 Bh6 11. Bxg8 Bxe3 12. fxe3 Rxg8 13. a5 Qe7 14. a6 b6 15. Qd3 Kf8 16. Qc4 Nb8 17.
Rd2 Kg7 18. d5 c5 19. Rf2 Rf8 20. Ne1 Bd7 21. b4 Qe8 22. b5 Bc8 23. Nd3 Nd7 24. Raf1 Qe7 25. Nb2 Rf7 26. Qd3 Nf8 27. Nc4 Bd7 28.
Ne2 h5 29. Nc3 Nh7 30. Qe2 Ng5 31. Nd2 Nh7 32. Nf3 Bg4 33. h3 Bxf3 34. gxf3 f5 35. Kh2 f4 36. exf4 exf4 37. Qe3 fxe3 38. Rg2 Qe5+ 39. f4 0-1

[Event "*** Titled Tuesday Blitz"]
[Site "Chess.com"]
[Date "2019.12.03"]
[Round "1"]
[White "sergeikim"]
[Black "jefferyx"]
[Result "0-1"]
[WhiteElo "2488"]
[BlackElo "2912"]
[TimeControl "180+2"]
[EndTime "13:05:17 PST"]
[Termination "jefferyx won by resignation"]

1. d4 g6 2. c4 Bg7 3. Nc3 d6 4. e4 e5 5. Nge2 Nd7 6. d5 a5 7. Ng3 h5 8. Be2 h4 9. Nf1 Nc5 10. Be3 Nf6 11. h3 Nfxe4 12. Nxe4 Nxe4 13. Nd2 Nxd2 14. Qxd2 O-O 15. O-O Re8 16. Rae1 Bf5 17. c5 dxc5 18.
Bxc5 Qd7 19. Rc1 Rad8 20. Rfd1 Be4 21. d6 cxd6 22. Bb6 Rc8 23. f3 Rxc1 24. Rxc1 Bc6 25.
Bxa5 d5 26. b3 d4 27. Bd3 Qe7 28. Re1 Kh7 29. a4 Bh6 30. Qe2 f5 31. Bd2 e4 32.
Bxh6 Kxh6 33. Bc4 Qg5 34. fxe4 Rxe4 0-1

[Event "*** Titled Tuesday Blitz"]
[Site "Chess.com"]
[Date "2019.12.03"]
[Round "1"]
[White "vovachesss"]
[Black "raswi"]
[Result "1-0"]
[WhiteElo "2586"]
[BlackElo "2235"]
[TimeControl "180+2"]
[EndTime "13:05:23 PST"]
[Termination "vovachesss won by resignation"]

1. e4 c5 2. d4 cxd4 3. c3 dxc3 4.
Nxc3 e6 5. Nf3 Nc6 6. Bc4 a6 7. O-O Nge7 8. Bg5 b5 9. Bb3 f6 10. Bh4 Ng6 11. Bg3 Be7 12. Nd5 O-O 13. Bc7 Qe8 14. Rc1 Kh8 15. Nxe7 Ngxe7 16. Bd6 Bb7 17. Qd2 Rd8 18. Rfd1 Qg6 19. Qe3 Rf7 20. Qb6 Ba8 21.
Bxe7 Rb8 22. Rxc6 1-0

[Event "*** Titled Tuesday Blitz"]
[Site "Chess.com"]
[Date "2019.12.03"]
[Round "1"]
[White "NemtsevIgor"]
[Black "Pultis"]
[Result "0-1"]
[WhiteElo "2327"]
[BlackElo "2681"]
[TimeControl "180+2"]
[EndTime "13:05:28 PST"]
[Termination "Pultis won by resignation"]

1. d4 Nf6 2. Bf4 g6 3. e3 Bg7 4. Nf3 O-O 5. Be2 d6 6. O-O Nbd7 7. c4 b6 8. Nc3 Bb7 9. h3 Re8 10. Bh2 e5 11. b4 exd4 12. exd4 Ne4 13. Nxe4 Bxe4 14.
Rc1 Qc8 15. Nd2 Bb7 16. d5 a5 17. a3 Bb2 18. Rb1 Bxa3 19. bxa5 Rxa5 20. Nb3 Ra8 21. Bf4 Qd8 22. Bd3 Qf6 23. Qd2 Ne5 24. Bg5 Qg7 25. f4 Nxd3 26. Qxd3 Bc8 27. Nd4 Bc5 28. Rbd1 Bf5 29.
Qd2 Re4 0-1

[Event "*** Titled Tuesday Blitz"]
[Site "Chess.com"]
[Date "2019.12.03"]
[Round "1"]
[White "Misticpikachu"]
[Black "pheonixking2000"]
[Result "0-1"]
[WhiteElo "2289"]
[BlackElo "2632"]
[TimeControl "180+2"]
[EndTime "13:05:28 PST"]
[Termination "pheonixking2000 won on time"]

1. c4 e6 2. Nf3 d5 3. e3 Nf6 4. Nc3 b6 5. b3 Bb7 6. Bb2 dxc4 7. Bxc4 Be7 8. O-O O-O 9. d4 Nbd7 10. Rc1 a6 11. Bd3 c5 12. Na4 Rc8 13. dxc5 Nxc5 14.
Nxc5 Bxc5 15. Bb1 Qe7 16. Qe2 Ba3 17. Nd4 g6 18. Bd3 b5 19. Rc2 e5 20. Rxc8 Rxc8 21.
Bxa3 Qxa3 22. Nc2 Qxa2 23. Ra1 Qxb3 24. h3 e4 25. Bxb5 Rxc2 26. Ba4 Qxa4 27. Rxa4 Rxe2 0-1

[Event "*** Titled Tuesday Blitz"]
[Site "Chess.com"]
[Date "2019.12.03"]
[Round "1"]
[White "1977Ivan"]
[Black "eCztery"]
[Result "1-0"]
[WhiteElo "2777"]
[BlackElo "2409"]
[TimeControl "180+2"]
[EndTime "13:05:29 PST"]
[Termination "1977Ivan won by resignation"]

1. d4 Nf6 2. c4 e6 3. Nc3 d5 4.
cxd5 exd5 5. Bg5 Nbd7 6. e3 Bb4 7. Bd3 c5 8. Ne2 c4 9. Bf5 g6 10. Bxd7+ Bxd7 11. O-O Bc6 12. e4 dxe4 13. d5 Bd7 14. Qd4 Qb6 15. Bxf6 O-O 16. Nxe4 Rfe8 17. N2c3 Bf5 18.
a3 Bxe4 19. axb4 Bd3 20. Rfe1 Rxe1+ 21. Rxe1 Qxb4 22. d6 Qxb2 23. d7 Rf8 24. d8=Q Qd2 25. Qxf8+ 1-0

[Event "*** Titled Tuesday Blitz"]
[Site "Chess.com"]
[Date "2019.12.03"]
[Round "1"]
[White "chiwii"]
[Black "Vugar_Manafov"]
[Result "0-1"]
[WhiteElo "1940"]
[BlackElo "2529"]
[TimeControl "180+2"]
[EndTime "13:05:33 PST"]
[Termination "Vugar_Manafov won by resignation"]

1. e4 Nf6 2. e5 Nd5 3. d4 d6 4. c4 Nb6 5. exd6 cxd6 6. Nf3 g6 7. Nc3 Bg7 8. Be3 O-O 9. Rc1 Nc6 10. Be2 Bg4 11.
b3 d5 12. c5 Nc8 13. O-O e6 14. h3 Bxf3 15. Bxf3 N8e7 16. a3 Nf5 17. Ne2 Qf6 18. b4 Ncxd4 19. Nxd4 Nxd4 20. Bxd4 Qxd4 21. Qxd4 Bxd4 22.
Rfd1 Be5 23. Rc2 Rfc8 24. a4 Rc7 25. g3 Rac8 26. Rdc1 Bf6 27. Kg2 Bg5 28. Rd1 b6 29. h4 Be7 30. c6 Rxc6 31. Rxc6 Rxc6 32. Rd4 Bf6 33. Rf4 Be5 34. Rg4 h5 35. Rg5 Bf6 0-1

[Event "*** Titled Tuesday Blitz"]
[Site "Chess.com"]
[Date "2019.12.03"]
[Round "1"]
[White "LastHeroJr"]
[Black "HrvojeZagreb"]
[Result "0-1"]
[WhiteElo "2555"]
[BlackElo "2214"]
[TimeControl "180+2"]
[EndTime "13:05:34 PST"]
[Termination "HrvojeZagreb won by resignation"]

1. e4 e6 2. d4 d5 3. Nd2 dxe4 4. Nxe4 Nd7 5. Nf3 Ngf6 6. Bd3 b6 7. O-O Bb7 8. Qe2 Nxe4 9. Bxe4 Bxe4 10. Qxe4 Bd6 11. Bg5 Nf6 12. Bxf6 gxf6 13. d5 e5 14. Nh4 Qd7 15. Nf5 O-O-O 16. a4 a5 17. c3 Rhg8 18. h4 h5 19. f3 Bc5+ 20. Kh1 Qxd5 21.
Qe2 Qd3 22. Rae1 Qxf5 23. Qa6+ Kb8 24. b4 axb4 25. a5 Qc8 26. Qb5 bxc3 27. Rc1 Rd2 0-1

[Event "*** Titled Tuesday Blitz"]
[Site "Chess.com"]
[Date "2019.12.03"]
[Round "1"]
[White "enriquetejedor"]
[Black "Konavets"]
[Result "0-1"]
[WhiteElo "2472"]
[BlackElo "2901"]
[TimeControl "180+2"]
[EndTime "13:05:38 PST"]
[Termination "Konavets won by resignation"]

1. e4 c6 2. Nc3 d5 3. Nf3 Nf6 4.
e5 Ne4 5. Ne2 Qb6 6. d4 e6 7. Nfg1 f6 8. f3 Ng5 9. f4 Ne4 10. Nf3 f5 11. Rg1 c5 12. g4 Nc6 13.
gxf5 exf5 14. c3 Be6 15. Ng5 cxd4 16. Nxe6 dxc3 17. Qxd5 cxb2 18. Nxg7+ Bxg7 19. Qe6+ Ne7 20. Qxb6 bxa1=Q 21. Qxb7 Rc8 22. Qb5+ Kf8 23. Qb2 Qxb2 24. Bxb2 Rg8 25. Nd4 Bh6 26. Rxg8+ Kxg8 27. Ba6 Rb8 28. Bc4+ Kh8 29. Ba1 Rb1+ 30. Ke2 Rxa1 31. Kf3 Nd2+ 0-1

[Event "*** Titled Tuesday Blitz"]
[Site "Chess.com"]
[Date "2019.12.03"]
[Round "1"]
[White "Walter_White_Poland"]
[Black "Azatic"]
[Result "0-1"]
[WhiteElo "2310"]
[BlackElo "2643"]
[TimeControl "180+2"]
[EndTime "13:05:40 PST"]
[Termination "Azatic won on time"]

1. e4 c5 2. Nf3 e6 3. d4 cxd4 4. Nxd4 a6 5. Nc3 Qc7 6. a3 Nf6 7. Be3 b5 8. Bd3 b4 9. axb4 Bxb4 10. O-O Bb7 11. Qf3 O-O 12. Rad1 Nc6 13. Nxc6 Bxc6 14. Bf4 Qb7 15. Rfe1 d6 16. Qg3 Nh5 17. Qg4 Nxf4 18.
Qxf4 e5 19. Qg3 Bxc3 20. bxc3 Qc7 21. f4 Bb5 22. f5 f6 23. Bxb5 axb5 24. Rd5 b4 25.
cxb4 Qxc2 26. Rxd6 Rf7 27. h3 h5 28. Qf2 Qb3 29. Qc5 Qg3 0-1

[Event "*** Titled Tuesday Blitz"]
[Site "Chess.com"]
[Date "2019.12.03"]
[Round "1"]
[White "Kumi29"]
[Black "SmirnovAlexandrA"]
[Result "1-0"]
[WhiteElo "2574"]
[BlackElo "2102"]
[TimeControl "180+2"]
[EndTime "13:05:42 PST"]
[Termination "Kumi29 won by checkmate"]

1. d4 Nf6 2. Nc3 c5 3. d5 d6 4. e4 g6 5. Bg5 Bg7 6. Bb5+ Bd7 7.
a4 O-O 8. Nf3 a6 9. Be2 Bg4 10.
Nd2 Bxe2 11. Qxe2 Nbd7 12. a5 b5 13. axb6 Nxb6 14. O-O Qc8 15. Ra5 h6 16. Bxf6 Bxf6 17. Rfa1 Bxc3 18. bxc3 Kg7 19. Rxa6 Rxa6 20. Qxa6 Qxa6 21.
Rxa6 Rb8 22. Kf1 Kf6 23. Ke2 h5 24. h4 Nd7 25. f4 Rb2 26. Kd3 c4+ 27. Nxc4 Nc5+ 28.
Kd2 Rb1 29. Nxd6 Nxa6 30. Ne8# 1-0

[Event "*** Titled Tuesday Blitz"]
[Site "Chess.com"]
[Date "2019.12.03"]
[Round "1"]
[White "Vuks91"]
[Black "FrogMist"]
[Result "1-0"]
[WhiteElo "2629"]
[BlackElo "2287"]
[TimeControl "180+2"]
[EndTime "13:05:46 PST"]
[Termination "Vuks91 won by resignation"]

1. e4 e5 2. Nf3 Nc6 3. Bc4 Bc5 4. c3 Nf6 5. d3 O-O 6. a4 a6 7. O-O d5 8. exd5 Nxd5 9. a5 Kh8 10. Bb3 f6 11.
Re1 Be6 12. d4 Ba7 13. c4 Bg4 14. cxd5 Nxd4 15. Nbd2 Re8 16. h3 Bh5 17. g4 Bg6 18. Nxd4 exd4 19. Nf1 Qd6 20. Bd2 c5 21. Bc4 Rad8 22. Qf3 Bb8 23. b3 h6 24. Qg3 Qd7 25.
Bf4 Bxf4 26. Qxf4 Rxe1 27. Rxe1 d3 28. Nd2 Re8 29. Rxe8+ Qxe8 30. Qe3 Qd8 31. Qxc5 1-0

[Event "*** Titled Tuesday Blitz"]
[Site "Chess.com"]
[Date "2019.12.03"]
[Round "1"]
[White "HiHaruka"]
[Black "Aygehovit1992"]
[Result "0-1"]
[WhiteElo "2289"]
[BlackElo "2629"]
[TimeControl "180+2"]
[EndTime "13:06:02 PST"]
[Termination "Aygehovit1992 won by checkmate"]

1. c4 e5 2. Nc3 Nc6 3. Nf3 g6 4. d4 exd4 5. Nxd4 Bg7 6. e3 Nge7 7. Be2 O-O 8. O-O d6 9. Bf3 Nxd4 10. exd4 Nf5 11.
Be3 Nxe3 12. fxe3 Re8 13. e4 c5 14. dxc5 dxc5 15. Qd5 Be6 16. Qxb7 Rb8 17. Qxa7 Rxb2 18. Nd5 Bd4+ 19. Kh1 Qh4 20. Rab1 Be5 21. h3 Rxb1 22. Rxb1 Bxh3 23. Kg1 Bd4+ 24. Kh1 Bg4# 0-1